 Dungeon Crawl Stone Soup version 0.19-a0-1899-g2d93087 (webtiles) character file.

497 Miyamura the Slasher (level 7, 0/53 HPs)
             Began as a Human Warper on Oct 19, 2016.
             Was an Initiate of Gozag.
             Succumbed to a scorpion's poison
             ... on level 5 of the Dungeon.
             The game lasted 00:11:16 (4937 turns).

Miyamura the Slasher (Human Warper)                 Turns: 4937, Time: 00:11:17

Health: 0/53       AC:  3    Str: 13    XL:     7   Next: 39%
Magic:  10/10      EV: 19    Int: 13    God:    Gozag
Gold:   192        SH:  0    Dex: 18    Spells: 1 memorised, 10 levels left

rFire  . . .     SeeInvis .     o - +1 short sword (vamp)
rCold  . . .     Gourm    .     b - +0 leather armour
rNeg   . . .     Faith    .     (no shield)
rPois  .         Spirit   .     (helmet restricted)
rElec  .         Reflect  .     (no cloak)
rCorr  .         Harm     .     (no gloves)
MR     .....                    (no boots)
Stlth  +++.......               (no amulet)
                                (no ring)
                                h - ring of stealth

@: agile, lethally poisoned (0 -> -10), very slightly contaminated, hasted, very
quick
A: horns 1, blurry vision 1, low mp 1
a: Potion Petition, Call Merchant, Bribe Branch, Renounce Religion


You were on level 5 of the Dungeon.
You worshipped Gozag.
Gozag was aware of your devotion.
You were very hungry.

You visited 1 branch of the dungeon, and saw 5 of its levels.

You collected 317 gold pieces.
You spent 65 gold pieces at shops.
You paid 60 gold pieces to Gozag.

Inventory:

Hand Weapons
 a - a +0 falchion
 o - a +1 vampiric short sword (weapon)
Missiles
 e - 5 tomahawks of dispersal (quivered)
 g - a throwing net
 j - 152 stones
Armour
 b - a +0 leather armour (worn)
Jewellery
 h - a ring of stealth (left hand)
Wands
 w - a wand of teleportation (6/9)
Scrolls
 d - a scroll of blinking
 k - 3 scrolls of enchant armour
 p - a scroll of immolation
 q - a scroll of amnesia
 t - 2 scrolls of remove curse
 v - 3 scrolls of identify
 x - 2 scrolls of teleportation
 y - a scroll of enchant weapon
Potions
 i - a potion of agility
 m - 3 potions of brilliance
Books
 c - a book of Spatial Translocations

   Spells                             Type                      Level
   a - Blink                          Translocation                2
   b - Shroud of Golubria             Charms/Translocation         2
   c - Lesser Beckoning               Translocation                3
   d - Portal Projectile              Translocation                3
   e - Teleport Other                 Translocation                3
   f - Passage of Golubria            Translocation                4
 s - a book of Minor Magic

   Spells                             Type                      Level
   a - Magic Dart                     Conjuration                  1
   b - Blink                          Translocation                2
   c - Call Imp                       Summoning                    2
   d - Repel Missiles                 Charms/Air                   2
   e - Slow                           Hexes                        2
   f - Conjure Flame                  Conjuration/Fire             3
   g - Mephitic Cloud                 Conjuration/Poison/Air       3
Comestibles
 f - 3 bread rations
 l - a meat ration
 r - 3 fruits
 z - 2 beef jerkies
 A - 3 slices of pizza


   Skills:
 + Level 3.7 Fighting
 + Level 3.7 Long Blades
 - Level 1.0 Throwing
 + Level 3.3 Armour
 + Level 3.7 Dodging
 + Level 3.4 Spellcasting
 - Level 3.0 Translocations


You had 10 spell levels left.
You knew the following spells:

 Your Spells              Type           Power        Failure   Level  Hunger
b - Blink                 Tloc           N/A          14%         2    ##.....


Dungeon Overview and Level Annotations

Branches:
Dungeon (5/15)             Temple (0/1) D:5

Altars:
Cheibriados
Gozag
Xom
Zin

Shops:
D:4 %


Innate Abilities, Weirdness & Mutations

You have a pair of small horns on your head.
Scrolls take you a little longer to read.
Your magical capacity is low. (-10% MP)


Message History

[a] - 0 gold - resistance and flight [b] - 0 gold - haste and flight [c] - 0 gold - haste and agility Purchase which effect?
You feel yourself speed up.
You feel agile all of a sudden.
* * * LOW HITPOINT WARNING * * *
You feel sick.
You are very lightly contaminated with residual magic.
* * * LOW HITPOINT WARNING * * *
You feel sick.
* * * LOW HITPOINT WARNING * * *
You feel sick.
* * * LOW HITPOINT WARNING * * *
You feel sick.
Unknown command.
Unknown command.
Okay, then.
You die...
Your body crumbles into a pile of gold.

##.# #.# #.#.## # #.########
#.####.#.##. #
#........###........##. #
#..#####.#..[.......##. #
#........#.##.##..####.## #
#...#.........##........# #
#...#.##.#.#####...####.####
#...>. #.#.#####........##..
##.... ..#.@.......#....<...
##.####.########.....#.##..
#. ..# #...#.#.##.. ###
#.......##.. #.##.##.##..
#.......##.. ####.#######
#.# #.#


There were no monsters in sight!

Vanquished Creatures
  An ogre (D:5)
  A scorpion (D:5)
  An orc priest (D:5)
  3 hounds
  Jessica (D:2)
  An iguana (D:4)
  Terence (D:2)
  A hound skeleton (D:4)
  5 adders
  A shadow imp (D:5)
  3 oozes
  An adder skeleton (D:5)
  4 worms
  4 dart slugs
  A leopard gecko (D:3)
  6 orcs
  A ball python (D:3)
  4 bats
  A giant cockroach (D:5)
  6 goblins
  9 hobgoblins
  6 jackals
  A quokka (D:2)
  2 frilled lizards (D:1)
  A jackal skeleton (D:4)
  10 kobolds
  2 rats (D:2)
78 creatures vanquished.

Notes
Turn   | Place    | Note
-------+----------+-------------------------------------------
     0 | D:1      | Miyamura the Human Warper began the quest for the Orb.
     0 | D:1      | Reached XP level 1. HP: 16/16 MP: 3/3
     3 | D:1      | Noticed an electric eel
     3 | D:1      | Noticed an electric eel
   162 | D:1      | Reached XP level 2. HP: 15/22 MP: 5/5
   788 | D:1      | Reached XP level 3. HP: 27/27 MP: 6/6
  1077 | D:2      | Noticed Jessica
  1083 | D:2      | Killed Jessica
  1083 | D:2      | Reached XP level 4. HP: 34/34 MP: 7/7
  1088 | D:2      | Learned a level 2 spell: Blink
  1126 | D:2      | Found a glowing silver altar of Zin.
  1818 | D:2      | Noticed Terence
  2088 | D:2      | Gained mutation: You have a pair of small horns on your head. [potion of mutation]
  2088 | D:2      | Gained mutation: Scrolls take you a little longer to read. [potion of mutation]
  2088 | D:2      | Gained mutation: Your magical capacity is low. (-10% MP) [potion of mutation]
  2099 | D:2      | Killed Terence
  2099 | D:2      | Reached XP level 5. HP: 22/40 MP: 8/8
  2983 | D:3      | You fall through a shaft for 2 floors!
  2983 | D:5      | Entered Level 5 of the Dungeon
  3013 | D:4      | Found an opulent altar of Gozag.
  3091 | D:4      | Became a worshipper of Gozag Ym Sagoz the Greedy
  3195 | D:4      | Found a shimmering altar of Xom.
  3235 | D:4      | Reached XP level 6. HP: 47/47 MP: 9/9
  3320 | D:4      | Found Muashaxe's Food Shoppe.
  3332 | D:4      | Bought a meat ration for 65 gold pieces
  3859 | D:4      | Noticed an ogre
  4213 | D:5      | Found a snail-covered altar of Cheibriados.
  4270 | D:5      | Noticed an ogre
  4288 | D:5      | Killed an ogre
  4288 | D:5      | Reached XP level 7. HP: 18/52 MP: 10/10
  4746 | D:5      | Found a staircase to the Ecumenical Temple.
  4934 | D:5      | HP: 2/53 [poisoned by a scorpion]
  4937 | D:5      | Succumbed to a scorpion's poison

Vault maps used:
D:1:      arrival_aquarium_b
D:2:      zin_statuary, uniq_terence, uniq_jessica
D:4:      lemuel_crystal_altar, xom_teletrap_fun, serial_shops, shop_fountains
D:5:      cheibriados_altar_1, grunt_temple_overflow_cloverleaf, first_bread

Skill      XL: |  1  2  3  4  5  6 |
---------------+-------------------+-----
Armour         | 2 3 |  3.3
Long Blades    | 3 |  3.7
Fighting       | 3 |  3.7
Dodging        | 3 |  3.7
Spellcasting   | 3 |  3.4
Throwing       | |  1.0
Translocations | |  3.0

Action                   |  1- 3 |  4- 6 |  7- 9 || total
-------------------------+-------+-------+-------++-------
Melee: Falchion          |    49 |    60 |       ||   109
       Short sword       |       |   192 |    78 ||   270
       Unarmed           |       |    15 |       ||    15
       Headbutt          |       |    36 |     8 ||    44
Invok: Potion Petition   |       |       |     1 ||     1
  Use: Potion            |       |     9 |     1 ||    10
       Scroll            |       |     9 |     3 ||    12
 Stab: Sleeping          |       |     6 |       ||     6
       Distracted        |       |     1 |       ||     1
  Eat: Chunk             |     1 |     5 |       ||     6
       Bread ration      |       |     1 |       ||     1
       Fruit             |       |     1 |       ||     1
       Meat ration       |       |     1 |       ||     1
Armor: Leather armour    |    20 |    43 |    12 ||    75
Dodge: Dodged            |    36 |   134 |    46 ||   216
       Rpst.: Falchion   |    17 |    14 |       ||    31
